 Dungeon Crawl Stone Soup version 0.29-a0-1016-g236c7fd91e (webtiles) character file.

Game seed: 11628752908933326472

418 Manisian the Sneak (level 6, -7/29 HPs)
             Began as a Spriggan Enchanter on Aug 9, 2022.
             Killed by divine providence
             ... invoked by an orc priest
              (15 damage)
             ... on level 4 of the Dungeon.
             The game lasted 00:06:02 (4597 turns).

Manisian the Sneak (Spriggan Enchanter)             Turns: 4597, Time: 00:06:02

Health: -7/29      AC:  2    Str: 10    XL:     6   Next: 61%
Magic:  11/12      EV: 18    Int: 19    God:
Gold:   95         SH:  0    Dex: 15    Spells: 10/12 levels left

rFire   . . .      SeeInvis +   a - +1 dagger
rCold   + . .      Faith    .   (no shield)
rNeg    . . .      Spirit   .   b - +0 robe
rPois   .          Reflect  .   (helmet restricted)
rElec   .          Harm     .   (no cloak)
rCorr   .          Rampage  .   (gloves unavailable)
Will    +....                   (boots unavailable)
Stlth   ++++......              (no amulet)
HPRegen 0.09/turn               d - ring of protection from cold
MPRegen 0.13/turn               c - +6 ring of strength

@: very quick
A: very small, no large weapons, unfitting armour, see invisible, speed 3
a: no special abilities


You were on level 4 of the Dungeon.
You visited 1 branch of the dungeon, and saw 4 of its levels.

You collected 95 gold pieces.

Inventory:

Hand Weapons
 a - a +1 dagger (weapon)
Armour
 b - a +0 robe (worn)
Jewellery
 c - a +6 ring of strength (right hand)
 d - a ring of protection from cold (left hand)
Wands
 m - a wand of quicksilver (3)
Scrolls
 e - 2 scrolls of teleportation
 f - 3 scrolls of identify
 k - a scroll of immolation {unknown}
 l - 2 scrolls of amnesia {unknown}
Potions
 g - a potion of lignification {unknown}
 h - a potion of heal wounds {unknown}
 i - a potion of magic
 j - a potion of attraction
 n - a potion of berserk rage {unknown}


   Skills:
 + Level 0.9 Fighting
 + Level 2.9 Short Blades
 + Level 3.8 Dodging
 + Level 7.7 Stealth
 + Level 3.6 Spellcasting
 + Level 4.8 Hexes
 + Level 1.5 Ice Magic
 + Level 0.6 Evocations


You had 10 spell levels left.
You knew the following spells:

 Your Spells              Type           Power      Damage    Failure   Level
a - Ensorcelled Hibernat  Hex/Ice        30%        N/A       6%          2

Your spell library contained the following spells:

 Spells                   Type           Power      Damage    Failure   Level
 Confusing Touch          Hex            21%        N/A       6%          3
 Tukima's Dance           Hex            21%        N/A       6%          3
 Shock                    Conj/Air       12%        1d3       14%         1
 Dazzling Flash           Conj/Hex       24%        N/A       16%         3
 Swiftness                Air            3%         N/A       41%         3
 Airstrike                Air            1%         2d(1-17)  82%         4


Dungeon Overview and Level Annotations

Branches:
Dungeon (4/15)
 Temple: D:4-7

Altars:
Wu Jian

Shops:
D:2 *   D:3 :


Innate Abilities, Weirdness & Mutations

You are very small and have problems with some larger weapons.
You are too small for most types of armour.
You have supernaturally acute eyesight. (SInv)
You cover ground extremely quickly. (Speed+++)


Message History

You miscast Ensorcelled Hibernation.
You are very lightly contaminated with residual magic.
Nothing appears to happen.
The orc hits you but does no damage.
Casting: Ensorcelled Hibernation (safe; 6% risk of failure)
Confirm with . or Enter, or press ? or * to list all spells.
Aiming: Ensorcelled Hibernation (safe; 6% risk of failure)
Press: ? - help, Shift-Dir - straight line, f/p - orc
Aim: an orc, wielding a +0 hand axe and wearing a +0 scale mail (lightly wounded, chance to affect: 66%)
The orc looks drowsy...
The helpless orc fails to defend itself.
You impale the orc!!
You kill the orc!
Your magical contamination has completely faded away.
Magic restored.
An orc warrior comes into view. It is wielding a +0 flail.
An orc warrior is nearby!
An orc warrior is nearby!
Casting: Ensorcelled Hibernation (safe; 6% risk of failure)
Confirm with . or Enter, or press ? or * to list all spells.
Aiming: Ensorcelled Hibernation (safe; 6% risk of failure)
Press: ? - help, Shift-Dir - straight line, f - orc warrior
Aim: an orc warrior, wielding a +0 flail and wearing a +0 plate armour (wandering, hasn't noticed you, chance to affect: 49%)
The orc warrior shouts!
The orc warrior looks drowsy...
The orc warrior shouts!
You hear a shout!
You hit the orc warrior but do no damage.
The orc warrior barely misses you.
You hit the orc warrior but do no damage.
An orc priest comes into view. It is wielding a +0 club.
The orc warrior hits you with a +0 flail.
You hit the orc warrior but do no damage.
The orc warrior hits you with a +0 flail!
Ouch! That really hurt!
* * * LOW HITPOINT WARNING * * *
You are too injured to fight recklessly!
There is a stone staircase leading up here.
The orc priest calls down the wrath of Beogh upon you.
Beogh smites you!
Ouch! That really hurt!
You die...

.... .. ... #.# #..
..## ..
#..###...##..
...........#..
.#####......)......
........)..........
##@..#........
#.............
##.##o.........
#.<###.!.......
#.#.....)......
.....##รท.[......
..........o.....
........#.#......
.........###..#.


You could see an orc warrior and an orc priest.

Vanquished Creatures
  Grinder (D:3)
  2 orc priests
  An orc wizard (D:3)
  4 adders
  2 dart slugs
  A worm (D:3)
  11 orcs
  4 bats
  7 endoplasms
  7 hobgoblins
  7 jackals
  4 quokkas
  6 ball pythons
  5 frilled lizards
  4 goblins
  4 kobolds
  3 rats
73 creatures vanquished.

Notes
Turn   | Place    | Note
-------+----------+-------------------------------------------
     0 | D:1      | Manisian the Spriggan Enchanter began the quest for the
                  | Orb.
     0 | D:1      | Reached XP level 1. HP: 9/9 MP: 5/5
   512 | D:1      | Reached XP level 2. HP: 13/13 MP: 6/6
   515 | D:1      | Learned a level 2 spell: Ensorcelled Hibernation
  1486 | D:2      | Found a faded altar of an unknown god.
  1494 | D:2      | Reached XP level 3. HP: 11/16 MP: 2/8
  1768 | D:2      | Reached skill level 5 in Stealth
  2166 | D:2      | Found Diuthrux's General Store.
  2651 | D:3      | Reached XP level 4. HP: 17/21 MP: 2/9
  2872 | D:2      | Reached skill level 1 in Ice Magic
  3196 | D:3      | Reached XP level 5. HP: 25/25 MP: 10/10
  3198 | D:3      | Reached skill level 6 in Stealth
  3281 | D:3      | Found Tuub's Book Shop.
  3788 | D:3      | Found an ornate altar of the Wu Jian Council.
  3885 | D:3      | Noticed Grinder
  3898 | D:3      | Killed Grinder
  3899 | D:3      | Reached skill level 7 in Stealth
  3899 | D:3      | Reached XP level 6. HP: 15/29 MP: 10/12
  4215 | D:4      | HP: 1/29 [orc/+0 hand axe (4)]
  4582 | D:4      | Noticed an orc warrior
  4597 | D:4      | Killed from afar by an orc priest

Illustrated notes

Levels and vault maps discovered:
D:1:      dpeg_arrival_pits, layout_loops_ring, kennysheep_pointless_box
D:2:      layout_basic, hellmonk_ecumenical_altar_dog_temple, serial_shops,
          nicolae_diamond_shop
D:3:      layout_rooms, nzn_wu_jian_council_hall, serial_shops,
          nicolae_shop_hallway_stairs, grunt_ministairs_3, minmay_puff,
          uniq_grinder
D:4:      layout_rooms

Skill      XL: |  1  2  3  4  5 |
---------------+----------------+-----
Hexes          | 4 |  4.8
Dodging        | 3 |  3.8
Stealth        | 5 7 |  7.7
Spellcasting   | 3 |  3.6
Ice Magic      | 1 |  1.5
Short Blades   | 2 |  2.9
Fighting       | |  0.9
Evocations     | |  0.6

Action                   |  1- 3 |  4- 6 || total
-------------------------+-------+-------++-------
Melee: Dagger            |   100 |   117 ||   217
       Punch             |     1 |     2 ||     3
 Cast: Ensorcelled Hiber |    23 |    13 ||    36
Evoke: Wand              |       |     4 ||     4
  Use: Scroll            |     6 |       ||     6
       Potion            |     1 |     2 ||     3
 Stab: Sleeping          |    29 |     9 ||    38
       Invisible         |       |     7 ||     7
       Distracted        |       |     1 ||     1
Armor: Robe              |     2 |     9 ||    11
Dodge: Dodged            |    66 |    77 ||   143

Table legend: (Time is in decaauts)
 A = Elapsed time spent in this place.
 B = Non-inter-level travel time spent in this place.
 C = Inter-level travel time spent in this place.
 D = Time resting spent in this place.
 E = Time spent auto-exploring this place.
 F = Levels seen in this place.
 G = Mean time per level.
                   A        B        C        D        E       F      G
               +--------+--------+--------+--------+--------+-----+--------+
         Total |   3841 |   3671 |    170 |      0 |   3159 |   4 |  960.2 |
       Dungeon |   3841 |   3671 |    170 |      0 |   3159 |   4 |  960.2 |
               +--------+--------+--------+--------+--------+-----+--------+

Top non-repeatable levels by time:
     D:3: 1278 daAuts
     D:2: 1240 daAuts
     D:1: 1233 daAuts
     D:4: 89 daAuts
